 Dungeon Crawl Stone Soup version 0.32-a0-814-g0968bab981 (webtiles) character file.

Game seed: 11966192091408076402

256 Nvm9 the Covered (level 5, -3/42 HPs)
             Began as a Demonspawn Fighter on Mar 22, 2024.
             Killed from afar by HourglassMan's ghost (16 damage)
             ... with a zap
             ... on level 3 of the Dungeon.
             The game lasted 00:04:05 (2379 turns).

Nvm9 the Covered (Demonspawn Fighter)               Turns: 2379, Time: 00:04:06

Health: -3/42      AC:  9    Str: 18    XL:     5   Next: 92%
Magic:  5/5        EV: 13    Int:  9    God:
Gold:   159        SH:  4    Dex: 12    Spells: 4/4 levels left

rFire   . . .        a - +0 war axe (elec)
rCold   . . .        c - +0 buckler
rNeg    . . .        b - +0 scale mail
rPois   .            (no helmet)
rElec   .            (no cloak)
rCorr   .            g - +1 pair of gloves
SInv    .            (no boots)
Will    .....        e - amulet of the acrobat Stlth
                     (no ring)
HPRegen 0.27/turn    (no ring)
MPRegen 0.09/turn

%: acrobat
@: agile
A: powered by pain 1, demonic touch 1
a: no special abilities


You were on level 3 of the Dungeon.
You visited 1 branch of the dungeon, and saw 3 of its levels.

You collected 159 gold pieces.

Inventory:

Hand Weapons
 a - a +0 war axe of electrocution (weapon)
 h - the +7 hand axe of the Abyss {venom, rF+ Str+3}
   (You found it on level 2 of the Dungeon)

   Str+3:     It affects your strength (+3).
   rF+:       It protects you from fire.
Missiles
 n - 2 atropa-tipped darts (quivered)
Armour
 b - a +0 scale mail (worn)
 c - a +0 buckler (worn)
 g - a +1 pair of gloves (worn)
Jewellery
 e - an amulet of the acrobat (around neck)
 q - a ring of protection from fire
Scrolls
 k - a scroll of poison
 o - a scroll of identify
 p - a scroll of vulnerability
 u - a scroll of teleportation
Potions
 d - 2 potions of might
 f - a potion of curing
 i - 2 potions of haste
 l - a potion of degeneration {unknown}
 m - a potion of mutation {unknown}
 r - a potion of magic
 v - a potion of heal wounds {unknown}


   Skills:
 + Level 3.7 Fighting
 * Level 3.3 Axes
 * Level 3.9 Armour
 * Level 3.9 Shields


You had 4 spell levels left.
You didn't know any spells.
Your spell library contained the following spells:

 Spells                   Type           Power      Damage    Failure   Level
 Freeze                   Ice            0%         1d3       83%         1
 Magic Dart               Conj           0%         1d3       83%         1
 Blink                    Tloc           0%         N/A       93%         2
 Call Imp                 Summ           0%         N/A       93%         2
 Ensorcelled Hibernation  Hex/Ice        0%         N/A       93%         2
 Lesser Beckoning         Tloc           0%         N/A       93%         2
 Momentum Strike          Conj/Tloc      0%         3d8       93%         2
 Call Canine Familiar     Summ           0%         N/A       99%         3
 Frozen Ramparts          Ice            0%         1d1       99%         3
 Hailstorm                Conj/Ice       0%         3d5       99%         3
 Passwall                 Erth           0%         N/A       99%         3
 Sigil of Binding         Hex            0%         N/A       99%         3
 Swiftness                Air            0%         N/A       99%         3
 Tukima's Dance           Hex            0%         N/A       99%         3
 Dimensional Bullseye     Hex/Tloc       0%         N/A       100%        4
 Iskenderun's Mystic Bla  Conj/Tloc      0%         2d3       100%        4


Dungeon Overview and Level Annotations

Branches:
Dungeon (3/15)

Altars:
Sif Muna

Annotations:
D:3 HourglassMan's ghost, amateur TeAE


Innate Abilities, Weirdness & Mutations

You sometimes gain a little power by taking damage.
Your touch may inflict minor irresistible damage on your foes.


Message History

HourglassMan's ghost is heavily damaged.
HourglassMan's ghost hits you but does no damage.
You closely miss HourglassMan's ghost.
HourglassMan's ghost is heavily damaged.
HourglassMan's ghost mumbles some strange words.
You are struck by an arc of lightning.
HourglassMan's ghost is struck by an arc of lightning.
The lightning grounds out.
HourglassMan's ghost casts a spell.
You are struck by an arc of lightning!
HourglassMan's ghost is struck by an arc of lightning.
You are struck by an arc of lightning.
HourglassMan's ghost is struck by an arc of lightning.
You closely miss HourglassMan's ghost.
HourglassMan's ghost is severely damaged.
HourglassMan's ghost closely misses you.
You hit HourglassMan's ghost.
HourglassMan's ghost is almost destroyed.
HourglassMan's ghost hits you but does no damage.
You barely miss HourglassMan's ghost.
HourglassMan's ghost is almost destroyed.
You block HourglassMan's ghost's attack.
HourglassMan's ghost shouts, "You will never get the ORB!"
HourglassMan's ghost points at you and mumbles some strange words.
The zap hits you!
* * * LOW HITPOINT WARNING * * *
You focus on the pain.
You feel agile all of a sudden.
You feel better.
HourglassMan's ghost gestures at you while chanting.
The zap hits you but does no damage.
You closely miss HourglassMan's ghost.
HourglassMan's ghost is almost destroyed.
HourglassMan's ghost hits you.
You barely miss HourglassMan's ghost.
HourglassMan's ghost is almost destroyed.
You block HourglassMan's ghost's attack.
HourglassMan's ghost casts a spell at you.
The zap hits you!
You die...

##.#####.# ###...####.##
#....†).....########### ####
#.#...####[.#.........# ####...
....#....#............#####......
..##.###.##....................##
..##.# #.####.#.....#...########
..##.# #.# #.#.....###.# ..##.#
#.# ####@''####.# ..##.# #.#
#...W...##.## ..##.# #.#
##.....##...### #### ..##.# #.#
#.......#..)..# #... ..##.# #.#
##..??.##...#.# #.##
..##.###.#####..#.#$.#..##.# #.#
.............##########.##.# #.#
#.##.#.##...## #.###.###.###.##
#.##.#.#.....# ##.#...##.......


You could see HourglassMan's ghost.

Vanquished Creatures
  A bullfrog skeleton (D:3)
  A centaur skeleton (D:3)
  Jessica (D:2)
  11 adders
  2 dart slugs (D:1)
  A ribbon worm (D:3)
  4 orcs (D:3)
  5 ball pythons
  3 bats
  3 endoplasms
  3 giant cockroaches
  7 goblins
  4 hobgoblins
  6 jackals (D:1)
  5 quokkas (D:1)
  A frilled lizard (D:1)
  4 kobolds (D:1)
  2 rats
64 creatures vanquished.

Notes
Turn   | Place    | Note
-------+----------+-------------------------------------------
     0 | D:1      | Nvm9 the Demonspawn Fighter began the quest for the Orb.
     0 | D:1      | Reached XP level 1. HP: 18/18 MP: 1/1
    45 | D:1      | Gained mutation: Your touch may inflict minor irresistible
                  | damage on your foes. [demonic ancestry]
    45 | D:1      | Reached XP level 2. HP: 10/24 MP: 2/2
   316 | D:1      | Reached XP level 3. HP: 28/29 MP: 3/3
   682 | D:2      | Noticed Jessica
   693 | D:2      | Killed Jessica
   694 | D:2      | Reached XP level 4. HP: 32/35 MP: 4/4
   721 | D:2      | Identified the +7 hand axe of the Abyss {venom, rF+ Str+3}
  1364 | D:3      | Found a runed translucent gate.
  1364 | D:3      | Found a runed translucent gate.
  1365 | D:3      | Found a runed translucent gate.
  1366 | D:3      | Noticed HourglassMan's ghost (amateur TeAE)
  1732 | D:3      | Gained mutation: You sometimes gain a little power by
                  | taking damage. [demonic ancestry]
  1732 | D:3      | Reached XP level 5. HP: 36/41 MP: 5/5
  2174 | D:3      | Found a shimmering blue altar of Sif Muna.
  2379 | D:3      | Killed from afar by HourglassMan's ghost

Illustrated notes

Levels and vault maps discovered:
D:1:      dpeg_chamrin_arrival_tetris, layout_basic
D:2:      layout_basic, uniq_jessica
D:3:      layout_loops_ring, hellmonk_sif_muna_bookshelves,
          gammafunk_ghost_necromancy, minmay_snake_closets

Skill      XL: |  1  2  3  4  5 |
---------------+----------------+-----
Axes           | 2 3 |  3.3
Shields        | 3 |  3.9
Armour         | 3 |  3.9
Fighting       | |  3.7

Action                     |  1- 3 |  4- 6 || total
---------------------------+-------+-------++-------
  Melee: War axe           |    82 |    16 ||    98
         Hand axe          |       |    73 ||    73
    Use: Potion            |     2 |     2 ||     4
         Scroll            |     1 |     8 ||     9
   Stab: Invisible         |     1 |       ||     1
 Armour: Scale mail        |    80 |    48 ||   128
  Dodge: Dodged            |    57 |    58 ||   115
  Block: Buckler           |    33 |    22 ||    55

Table legend: (Time is in decaauts)
 A = Elapsed time spent in this place.
 B = Non-inter-level travel time spent in this place.
 C = Inter-level travel time spent in this place.
 D = Time resting spent in this place.
 E = Time spent auto-exploring this place.
 F = Levels seen in this place.
 G = Mean time per level.
                   A        B        C        D        E       F      G
               +--------+--------+--------+--------+--------+-----+--------+
         Total |   2432 |   2351 |     81 |    106 |   1764 |   3 |  810.7 |
       Dungeon |   2432 |   2351 |     81 |    106 |   1764 |   3 |  810.7 |
               +--------+--------+--------+--------+--------+-----+--------+

Top non-repeatable levels by time:
     D:3: 1079 daAuts
     D:1: 698 daAuts
     D:2: 654 daAuts
